 Dungeon Sprint DCSS version 0.30-a0-465-g8901f6c8b5 (webtiles) character file.

Game seed: 4319374654322700768

0 NinjaNoafa the Digger (level 3, -1/19 HPs)
             Began as a Gargoyle Earth Elementalist on Dec 18, 2022.
             Was an Initiate of Vehumet.
             Killed from afar by Sigmund (9 damage)
             ... with a magic dart
             ... in the Dungeon (Sprint VI: "Thunderdome").
             The game lasted 00:02:24 (135 turns).

NinjaNoafa the Digger (Gargoyle Earth Elementalist)  Turns: 135, Time: 00:02:25

Health: -1/19      AC:  5    Str: 11    XL:     3   Next: 37%
Magic:  4/8        EV: 11    Int: 17    God:    Vehumet [......]
Gold:   200        SH:  0    Dex: 10    Spells: 8/9 levels left

rFire   . . .      SeeInvis .    (no weapon)
rCold   . . .      Faith    .    (no shield)
rNeg    + . .      Spirit   .    a - +0 robe
rPois   ∞          Reflect  .    (no helmet)
rElec   +          Harm     .    (no cloak)
rCorr   .          Rampage  .    (no gloves)
Will    .....      NoTele   +    (no boots)
Stlth   ++........               (no amulet)
HPRegen 0.23/turn                (no ring)
MPRegen 0.11/turn                (no ring)

@: hasted, very quick
A: sickness immunity, AC +3, negative energy resistance 1, electricity
resistance, torment resistance 1, petrification resistance
a: Renounce Religion


You were in the Dungeon.
You worshipped Vehumet.
Vehumet was noncommittal.
You visited 1 branch You collected 200 gold pieces.

Inventory:

Armour
 a - a +0 robe (worn)
Wands
 i - a wand of light (4)
 j - a wand of iceblast (2)
Scrolls
 g - 4 scrolls of blinking
 k - 3 scrolls of fog
Potions
 b - 3 potions of magic
 c - a potion of curing
 d - 4 potions of heal wounds
 e - 3 potions of haste
 f - a potion of berserk rage
 h - a potion of resistance


   Skills:
 - Level 1.5 Dodging
 - Level 2.1 Stealth
 * Level 3.8 Spellcasting
 + Level 2.4 Conjurations
 + Level 2.1 Transmutations
 * Level 5.7 Earth Magic


You had 8 spell levels left.
You knew the following spells:

 Your Spells              Type           Power      Damage    Failure   Level
a - Sandblast             Erth           44%        2d11      1%          1

Your spell library contained the following spells:

 Spells                   Type           Power      Damage    Failure   Level
 Passwall                 Tmut/Erth      13%        N/A       4%          2
 Stone Arrow              Conj/Erth      34%        3d9       9%          3
 Petrify                  Tmut/Erth      16%        N/A       30%         4


Dungeon Overview and Level Annotations

Branches:
Dungeon (1/1)

Altars:
Cheibriados
Dithmenos
Fedhas
Gozag
Kikubaaqudgha
Makhleb
Okawaru
Qazlal
Ru
Sif Muna
Trog
Uskayaw
Vehumet
Wu Jian
Xom
Yredelemnul
Zin
The Shining One
Lugonu

Shops:
D *[??*?*:[((!!!!

Annotations:
D Sigmund


Innate Abilities, Weirdness & Mutations

You are immune to sickness and miasma.
Your stone body is resilient. (AC +3)
You are immune to poison.
You resist negative energy. (rN+)
You are resistant to electric shocks. (rElec)
You are resistant to unholy torment.
You are immune to petrification.


Message History

Aim: Terence, wielding a +0 trident and wearing a +0 scale mail (almost dead, blind)
The mass of ice explodes!
The iceblast engulfs Terence but does no damage.
Terence is almost dead.
Aiming: Iceblast
Press: ? - help, Shift-Dir - straight line, f/p - Terence
Aim: Terence, wielding a +0 trident and wearing a +0 scale mail (almost dead, blind)
The mass of ice explodes!
The iceblast engulfs Terence!
You kill Terence!
Vehumet accepts your kill.
Your Conjurations skill increases to level 2!
Your Transmutations skill increases to level 2!
Your Earth Magic skill increases to level 5!
You have reached level 3!
Your experience leads to an increase in your attributes!
Increase (S)trength, (I)ntelligence, or (D)exterity?
You feel clever. x2
Things that are here:
a +0 trident; a +0 scale mail Sigmund the Dreaded comes into view.
He is wielding a +2 scythe of flaming.
Sigmund is nearby!
Sigmund is nearby!
Sigmund casts a spell at you.
You are confused.
Okay, then.
You bump into the granite statue.
You bump into the granite statue.
You feel less confused.
Sigmund drinks a potion.
Sigmund seems to grow stronger.
Sigmund mumbles some strange words.
Sigmund flickers and vanishes!
Deactivating autopickup; reactivate with Ctrl-A.
A worm comes into view.
You feel yourself speed up.
You hear some strange, mumbled words.
A puff of flame appears from out of thin air!
The puff of flame hits you.
A magic dart appears from out of thin air!
The magic dart hits you!
You die...

##### ##§⌠⌠## #.....#
##.w...## ##∩.....∩##
#∩.......∩# #_......._#
#.....{.._# #_@......_#
###.........###
#⌠...........⌠#
######.8.........8.######
#.__.......###......___∩##
∩.....†..8.# #.8........∩#
...........###............
........###...###.....†...
........# #.<.# #.........


You could see a worm.

Vanquished Creatures
  Terence (D)
  An adder (D)
  A hobgoblin (D)
3 creatures vanquished.

Notes
Turn   | Place    | Note
-------+----------+-------------------------------------------
     0 | D        | NinjaNoafa the Gargoyle Earth Elementalist began the quest
                  | for the Orb.
     0 | D        | Reached XP level 1. HP: 10/10 MP: 3/3
     1 | D        | Found a corrupted altar of Lugonu.
     1 | D        | Found an ornate altar of the Wu Jian Council.
     2 | D        | Found a shadowy altar of Dithmenos.
     2 | D        | Found a hide-covered altar of Uskayaw.
     3 | D        | Found a shimmering altar of Xom.
     3 | D        | Found a blossoming altar of Fedhas.
     4 | D        | Found a burning altar of Makhleb.
     4 | D        | Found Naety's Staff Store.
     4 | D        | Found Daticsy's Magic Scroll Shop.
     5 | D        | Found a radiant altar of Vehumet.
     5 | D        | Found Neusucun's Must-Have Magic.
     5 | D        | Found Egoeffyx's Magic Scroll Shop.
     5 | D        | Round 1.
    37 | D        | Found a bloodstained altar of Trog.
    38 | D        | Found a basalt altar of Yredelemnul.
    40 | D        | Found Asiaj's Jewellery.
    40 | D        | Found Ger Enick's Advanced Armour.
    44 | D        | Reached skill level 1 in Transmutations
    44 | D        | Found a sacrificial altar of Ru.
    44 | D        | Found a glowing golden altar of the Shining One.
    44 | D        | Found Buistrenkahek's Identification Station.
    44 | D        | Noticed Terence
    51 | D        | Found a shimmering blue altar of Sif Muna.
    51 | D        | Found a glowing silver altar of Zin.
    52 | D        | Found a snail-covered altar of Cheibriados.
    53 | D        | Found an iron altar of Okawaru.
    54 | D        | Found an opulent altar of Gozag.
    54 | D        | Found a stormy altar of Qazlal.
    54 | D        | Found an ancient bone altar of Kikubaaqudgha.
    54 | D        | Found Root's Weapon Rack.
    54 | D        | Found Hydevuez's Premium Goods.
    55 | D        | Found Juoroish's Basic Armour.
    55 | D        | Found Faxarphu's Miscellaneous Merchandise.
    60 | D        | Found Vinleoge's Do-It-Yourself Clinic.
    61 | D        | Found Noriuth's Bottled Wisdom.
    61 | D        | Found Gastri's Distillery.
    63 | D        | Found Riupaqen's Distillery.
    71 | D        | Became a worshipper of Vehumet
    80 | D        | Reached skill level 1 in Conjurations
    80 | D        | Reached skill level 4 in Earth Magic
    80 | D        | Reached XP level 2. HP: 7/15 MP: 1/6
   100 | D        | Killed Terence
   101 | D        | Reached skill level 5 in Earth Magic
   101 | D        | Reached XP level 3. HP: 4/19 MP: 0/8
   113 | D        | Noticed Sigmund
   135 | D        | Killed from afar by Sigmund

Illustrated notes

Levels and vault maps discovered:
D:        arena_sprint

Skill      XL: |  1  2 |
---------------+-------+-----
Transmutations | 1 2 |  2.1
Spellcasting   | 3 |  3.8
Conjurations   | 1 2 |  2.4
Earth Magic    | 4 5 |  5.7
Dodging        | |  1.5
Stealth        | |  2.1

Action                   || total
-------------------------++-------
Melee: Unarmed           ||     8
       Punch             ||     1
 Cast: Sandblast         ||     7
Evoke: Wand              ||     4
  Use: Potion            ||     1
 Stab: Invisible         ||     1
Armor: Robe              ||     1
Dodge: Dodged            ||    14

Table legend: (Time is in decaauts)
 A = Elapsed time spent in this place.
 B = Non-inter-level travel time spent in this place.
 C = Inter-level travel time spent in this place.
 D = Time resting spent in this place.
 E = Time spent auto-exploring this place.
 F = Levels seen in this place.
 G = Mean time per level.
                   A        B        C        D        E       F      G
               +--------+--------+--------+--------+--------+-----+--------+
         Total |    137 |    137 |      0 |      0 |     30 |   1 |  137.0 |
       Dungeon |    137 |    137 |      0 |      0 |     30 |   1 |  137.0 |
               +--------+--------+--------+--------+--------+-----+--------+

Top non-repeatable levels by time:
       D: 137 daAuts
